Connexion

ST. LOUIS Blues vs NASHVILLE Predators

Created - 4 mars 2024 at 07:48

Goals
1 2 3 T
ST. LOUIS Blues 2 2 0 4
NASHVILLE Predators 1 0 0 1
Shots
1 2 3 T
ST. LOUIS Blues 14 7 10 31
NASHVILLE Predators 12 12 6 30

GoalsPenalties
1st period
1. ST. LOUIS Blues , James Neal 9 (Matthew Highmore 9, Johnny Kovacevic 1) at 1:30
2. NASHVILLE Predators , Leon Draisaitl 20 (Matt Grzelcyk 21, Vladislav Namestnikov 28) at 10:01
3. ST. LOUIS Blues , Jesper Bratt 33 (Jaden Schwartz 39, Olli Juolevi 34) at 15:38
Ryan Donato (NAS) for High sticking (Minor) at 5:32
2nd period
4. ST. LOUIS Blues , Dominic Kubalik 23 (Phillip Danault 42, Jonas Brodin 33) at 3:57
5. ST. LOUIS Blues , Matthew Highmore 11 (James Neal 23, Craig Smith 14) at 16:47
No Penalty
3rd period
No Goal
Leon Draisaitl (NAS) for Tripping (Minor) at 3:29
Josh Morrissey (NAS) for Cross-checking (Minor) at 7:02
Dylan Larkin (STL) for Tripping (Minor) at 7:02
Luke Schenn (STL) for Delaying the game (Minor) at 17:26
Goalie Stats
Louis Domingue (STL), 29 saves from 30 shots - (0,967), W, 9-9-1, 60:00 minutes
Cal Petersen (NAS), 27 saves from 31 shots - (0,871), L, 9-12-2, 60:00 minutes
3 StarsOfficial
1 - James Neal (STL)
2 - Matthew Highmore (STL)
3 - Louis Domingue (STL)
Referees : Kelly Sutherland and Dan O'Halloran
Linesman : Thor Nelson and Derek Nansen
Game Note
No Game Note
Finance
Level 1 -- Attendance: 5634 (93,90%) -- Ticket Income $704,250
Level 2 -- Attendance: 4113 (100,00%) -- Ticket Income $349,605
Level 3 -- Attendance: 1909 (95,45%) -- Ticket Income $85,905
Level 4 -- Attendance: 4000 (100,00%) -- Ticket Income $120,000
Luxury Box -- Attendance: 932 (93,20%) -- Ticket Income $237,660
Game was played at the Bridgestone Arena.
Total Attendance: 16588 (96,93%)
Total Ticket Income: $1,497,420
Other Income: $299,484
Total Income: $1,796,904



Team Name Goals Shots Shots Attemp Shots Blocked PIM HIT PP PK FO%
ST. LOUIS Blues 43170114210 / 2 (0%)047%
NASHVILLE Predators 13058146200 / 1 (0%)053%

ST. LOUIS Blues
Player Name POS G A P +/- PIM HIT SHT SB MP PP MP PP SHT PK MP PK SHT FO% FOT
Brayden McNabbD0001060121:280:0000:3700% 0
Craig SmithC/RW0112002015:021:5701:19050% 10
David PerronC/LW/RW0000021018:422:0100:000100% 1
Dominic KubalikLW1010014017:372:0100:0000% 0
Dylan LarkinC/LW0001211219:331:5700:00052% 23
Jaden SchwartzLW0111021119:341:5700:0000% 0
Jake LeschyshynC000000207:590:0000:00067% 9
James NealLW/RW1122021015:062:0101:1900% 2
Jeremy LauzonD0002000016:170:0001:3200% 0
Jesper BrattLW/RW1011005020:281:5710:0000% 2
Johnny KovacevicD0112010116:070:0001:2200% 0
Jonas BrodinD0111001123:441:5700:2700% 0
Luke SchennD0000221318:260:0000:0000% 0
Marcus FolignoLW000002307:450:0000:4000% 0
Matt MartinC/LW/RW000001107:050:0000:0000% 2
Matthew HighmoreC/LW/RW1122002012:020:0000:1600% 1
Olli JuoleviD0110000219:592:0100:0000% 0
Phillip DanaultC0110016019:062:0100:24045% 31
NASHVILLE Predators
Player Name POS G A P +/- PIM HIT SHT SB MP PP MP PP SHT PK MP PK SHT FO% FOT
Alexander NylanderRW000-101004:110:0000:0000% 0
Andrew CoppC/LW000-1002017:500:0002:08075% 16
Brett ConnollyLW/RW000-1012013:430:0000:000100% 1
Bryan RustLW/RW0000013018:230:5110:0000% 1
Calle JarnkrokC/LW/RW0000002018:530:5111:50059% 17
Cam FowlerD000-3001525:111:2402:0900% 0
Chris TanevD000-1030016:290:0000:0000% 0
Colin WhiteC/RW000000001:500:0000:290100% 1
Erik BrannstromD000-1031214:560:0000:0000% 0
Erik GustafssonD0001013119:590:3511:4900% 0
Filip ForsbergLW000-1033017:461:0800:0000% 1
Henrik BorgstromC000-100004:110:0000:00043% 7
Josh MorrisseyD000-3220123:311:2402:0900% 0
Kevin LabancLW/RW0000012018:230:5100:0000% 1
Leon DraisaitlC/LW/RW101-1202119:591:0800:5400% 3
Matt GrzelcykD0111012419:530:3501:4900% 0
Ryan DonatoC/LW000-1202014:170:0000:35050% 2
Vladislav NamestnikovC/LW/RW011-2035024:351:0802:00048% 31



Play-by-Play

1st period


0:01 of 1st period - Dylan Larkin wins face-off versus Leon Draisaitl in neutral zone.
0:30 of 1st period - Shot by Vladislav Namestnikov.
0:30 of 1st period - Stopped by Louis Domingue without a rebound.
0:31 of 1st period - Calle Jarnkrok wins face-off versus Phillip Danault in ST. LOUIS Blues zone.
1:03 of 1st period - Icing by Jonas Brodin.
1:04 of 1st period - Phillip Danault wins face-off versus Ryan Donato in ST. LOUIS Blues zone.
1:16 of 1st period - Off-side.
1:17 of 1st period - Craig Smith wins face-off versus Henrik Borgstrom in neutral zone.
1:30 of 1st period - Shot by James Neal.
1:30 of 1st period - Goal by James Neal - ST. LOUIS Blues : 1 - NASHVILLE Predators : 0.
1:31 of 1st period - Andrew Copp wins face-off versus Matt Martin in neutral zone.
1:42 of 1st period - Shot by Andrew Copp.
1:42 of 1st period - Stopped by Louis Domingue without a rebound.
1:43 of 1st period - Craig Smith wins face-off versus Filip Forsberg in ST. LOUIS Blues zone.
1:48 of 1st period - James Neal is hit by Vladislav Namestnikov and loses puck.
1:53 of 1st period - Shot by Leon Draisaitl.
1:53 of 1st period - Shot Misses the Net.
2:26 of 1st period - Matthew Highmore is hit by Josh Morrissey.
2:42 of 1st period - Icing by Craig Smith.
2:43 of 1st period - Craig Smith wins face-off versus Calle Jarnkrok in ST. LOUIS Blues zone.
3:03 of 1st period - Icing by Brayden McNabb.
3:04 of 1st period - Dylan Larkin wins face-off versus Andrew Copp in ST. LOUIS Blues zone.
3:08 of 1st period - Off-side.
3:09 of 1st period - Andrew Copp wins face-off versus Dylan Larkin in neutral zone.
3:38 of 1st period - Shot by Brett Connolly.
3:38 of 1st period - Shot Misses the Net.
3:40 of 1st period - Shot by Erik Brannstrom.
3:40 of 1st period - Stopped by Louis Domingue without a rebound.
3:41 of 1st period - Calle Jarnkrok wins face-off versus Phillip Danault in ST. LOUIS Blues zone.
4:02 of 1st period - Shot by Calle Jarnkrok.
4:02 of 1st period - Deflect By Kevin Labanc.
4:02 of 1st period - Shot Blocked by Olli Juolevi.
4:48 of 1st period - Off-side.
4:49 of 1st period - Andrew Copp wins face-off versus Matt Martin in neutral zone.
4:49 of 1st period - Erik Brannstrom is hit by Matt Martin and loses puck.
4:55 of 1st period - Off-side.
4:56 of 1st period - Dylan Larkin wins face-off versus Henrik Borgstrom in neutral zone.
5:15 of 1st period - Shot by Jesper Bratt.
5:15 of 1st period - Stopped by Cal Petersen without a rebound.
5:16 of 1st period - Jake Leschyshyn wins face-off versus Andrew Copp in NASHVILLE Predators zone.
5:32 of 1st period - Minor Penalty to Ryan Donato for High sticking.
5:33 of 1st period - Vladislav Namestnikov wins face-off versus Dylan Larkin in NASHVILLE Predators zone.
5:33 of 1st period - Josh Morrissey is hit by Jaden Schwartz and loses puck.
5:54 of 1st period - Shot by Dylan Larkin.
5:54 of 1st period - Shot Misses the Net.
5:56 of 1st period - Shot by Jesper Bratt.
5:56 of 1st period - Stopped by Cal Petersen without a rebound.
5:57 of 1st period - Vladislav Namestnikov wins face-off versus Phillip Danault in NASHVILLE Predators zone.
5:57 of 1st period - Vladislav Namestnikov is hit by Phillip Danault.
7:45 of 1st period - Shot by Vladislav Namestnikov.
7:45 of 1st period - Stopped by Louis Domingue without a rebound.
7:46 of 1st period - Andrew Copp wins face-off versus Jake Leschyshyn in ST. LOUIS Blues zone.
7:57 of 1st period - Shot by Olli Juolevi.
7:57 of 1st period - Shot Blocked by Matt Grzelcyk.
7:59 of 1st period - Shot by Jake Leschyshyn.
7:59 of 1st period - Stopped by Cal Petersen with a rebound.
8:50 of 1st period - Shot by David Perron.
8:50 of 1st period - Stopped by Cal Petersen without a rebound.
8:51 of 1st period - Dylan Larkin wins face-off versus Vladislav Namestnikov in NASHVILLE Predators zone.
8:51 of 1st period - Luke Schenn is hit by Chris Tanev.
9:01 of 1st period - Shot by Vladislav Namestnikov.
9:01 of 1st period - Deflect By Filip Forsberg.
9:01 of 1st period - Shot Blocked by Jonas Brodin.
9:03 of 1st period - Shot by Erik Brannstrom.
9:03 of 1st period - Shot Misses the Net.
9:09 of 1st period - Shot by Vladislav Namestnikov.
9:09 of 1st period - Shot Blocked by Dylan Larkin.
9:14 of 1st period - Icing by Jonas Brodin.
9:15 of 1st period - Dylan Larkin wins face-off versus Calle Jarnkrok in ST. LOUIS Blues zone.
9:15 of 1st period - Dylan Larkin is hit by Bryan Rust.
9:39 of 1st period - Shot by Dylan Larkin.
9:39 of 1st period - Shot Misses the Net.
9:41 of 1st period - Shot by Jesper Bratt.
9:41 of 1st period - Shot Blocked by Cam Fowler.
9:43 of 1st period - Shot by Jaden Schwartz.
9:43 of 1st period - Stopped by Cal Petersen without a rebound.
9:44 of 1st period - Phillip Danault wins face-off versus Vladislav Namestnikov in NASHVILLE Predators zone.
9:49 of 1st period - Shot by Dominic Kubalik.
9:49 of 1st period - Stopped by Cal Petersen without a rebound.
9:50 of 1st period - Vladislav Namestnikov wins face-off versus Phillip Danault in NASHVILLE Predators zone.
10:01 of 1st period - Shot by Leon Draisaitl.
10:01 of 1st period - Goal by Leon Draisaitl - ST. LOUIS Blues : 1 - NASHVILLE Predators : 1.
10:02 of 1st period - Calle Jarnkrok wins face-off versus James Neal in neutral zone.
11:16 of 1st period - Shot by Jesper Bratt.
11:16 of 1st period - Stopped by Cal Petersen with a rebound.
11:27 of 1st period - Icing by Erik Gustafsson.
11:28 of 1st period - Phillip Danault wins face-off versus Vladislav Namestnikov in NASHVILLE Predators zone.
11:28 of 1st period - Phillip Danault is hit by Erik Gustafsson.
11:34 of 1st period - Shot by Dominic Kubalik.
11:34 of 1st period - Stopped by Cal Petersen without a rebound.
11:35 of 1st period - Dylan Larkin wins face-off versus Andrew Copp in NASHVILLE Predators zone.
12:01 of 1st period - Shot by Jesper Bratt.
12:01 of 1st period - Shot Misses the Net.
12:10 of 1st period - Icing by Chris Tanev.
12:11 of 1st period - Brett Connolly wins face-off versus Phillip Danault in NASHVILLE Predators zone.
13:01 of 1st period - Shot by Josh Morrissey.
13:01 of 1st period - Shot Misses the Net.
13:03 of 1st period - Shot by Filip Forsberg.
13:03 of 1st period - Deflect By Leon Draisaitl.
13:03 of 1st period - Stopped by Louis Domingue without a rebound.
13:04 of 1st period - Calle Jarnkrok wins face-off versus Dylan Larkin in ST. LOUIS Blues zone.
13:21 of 1st period - Shot by Jaden Schwartz.
13:21 of 1st period - Deflect By Jesper Bratt.
13:21 of 1st period - Shot Blocked by Matt Grzelcyk.
14:20 of 1st period - Shot by Matt Martin.
14:20 of 1st period - Stopped by Cal Petersen with a rebound.
14:22 of 1st period - Shot by Jake Leschyshyn.
14:22 of 1st period - Shot Blocked by Erik Gustafsson.
14:28 of 1st period - Shot by Jake Leschyshyn.
14:28 of 1st period - Stopped by Cal Petersen without a rebound.
14:29 of 1st period - Phillip Danault wins face-off versus Vladislav Namestnikov in NASHVILLE Predators zone.
15:04 of 1st period - Shot by Vladislav Namestnikov.
15:04 of 1st period - Stopped by Louis Domingue without a rebound.
15:05 of 1st period - Andrew Copp wins face-off versus Dylan Larkin in ST. LOUIS Blues zone.
15:36 of 1st period - Shot by Jaden Schwartz.
15:36 of 1st period - Shot Misses the Net.
15:38 of 1st period - Shot by Jesper Bratt.
15:38 of 1st period - Goal by Jesper Bratt - ST. LOUIS Blues : 2 - NASHVILLE Predators : 1.
15:39 of 1st period - Vladislav Namestnikov wins face-off versus James Neal in neutral zone.
15:41 of 1st period - Off-side.
15:42 of 1st period - Phillip Danault wins face-off versus Vladislav Namestnikov in neutral zone.
16:13 of 1st period - Off-side.
16:14 of 1st period - Calle Jarnkrok wins face-off versus Dylan Larkin in neutral zone.
16:19 of 1st period - Shot by Bryan Rust.
16:19 of 1st period - Shot Misses the Net.
16:21 of 1st period - Shot by Matt Grzelcyk.
16:21 of 1st period - Shot Blocked by Dylan Larkin.
16:53 of 1st period - Shot by Jesper Bratt.
16:53 of 1st period - Shot Misses the Net.
17:06 of 1st period - Icing by Olli Juolevi.
17:07 of 1st period - Dylan Larkin wins face-off versus Vladislav Namestnikov in ST. LOUIS Blues zone.
17:11 of 1st period - Jesper Bratt is hit by Josh Morrissey and loses puck.
17:44 of 1st period - Shot by Matthew Highmore.
17:44 of 1st period - Stopped by Cal Petersen without a rebound.
17:45 of 1st period - Phillip Danault wins face-off versus Andrew Copp in NASHVILLE Predators zone.
17:49 of 1st period - Dominic Kubalik is hit by Erik Brannstrom.
17:55 of 1st period - Shot by Dominic Kubalik.
17:55 of 1st period - Shot Blocked by Erik Brannstrom.
18:07 of 1st period - Shot by Ryan Donato.
18:07 of 1st period - Stopped by Louis Domingue without a rebound.
18:08 of 1st period - Calle Jarnkrok wins face-off versus Craig Smith in ST. LOUIS Blues zone.
18:08 of 1st period - Calle Jarnkrok is hit by Luke Schenn.
18:40 of 1st period - Shot by Craig Smith.
18:40 of 1st period - Stopped by Cal Petersen without a rebound.
18:41 of 1st period - David Perron wins face-off versus Vladislav Namestnikov in NASHVILLE Predators zone.
18:46 of 1st period - Shot by Dominic Kubalik.
18:46 of 1st period - Shot Misses the Net.
18:54 of 1st period - Shot by Filip Forsberg.
18:54 of 1st period - Stopped by Louis Domingue without a rebound.
18:55 of 1st period - Andrew Copp wins face-off versus Jesper Bratt in ST. LOUIS Blues zone.
18:56 of 1st period - Shot by Ryan Donato.
18:56 of 1st period - Shot Blocked by Johnny Kovacevic.
18:58 of 1st period - Shot by Brett Connolly.
18:58 of 1st period - Stopped by Louis Domingue without a rebound.
18:59 of 1st period - Phillip Danault wins face-off versus Vladislav Namestnikov in ST. LOUIS Blues zone.
19:18 of 1st period - Shot by Leon Draisaitl.
19:18 of 1st period - Shot Blocked by Luke Schenn.
19:20 of 1st period - Shot by Leon Draisaitl.
19:20 of 1st period - Deflect By Filip Forsberg.
19:20 of 1st period - Stopped by Louis Domingue without a rebound.
19:21 of 1st period - Calle Jarnkrok wins face-off versus Dylan Larkin in ST. LOUIS Blues zone.
19:22 of 1st period - Shot by Kevin Labanc.
19:22 of 1st period - Stopped by Louis Domingue with a rebound.
19:50 of 1st period - Shot by Dylan Larkin.
19:50 of 1st period - Shot Blocked by Erik Brannstrom.
Goals for this period are 2 for ST. LOUIS Blues vs 1 for NASHVILLE Predators .
Shots for this period are 14 for ST. LOUIS Blues vs 12 for NASHVILLE Predators .

2nd period


0:01 of 2nd period - Phillip Danault wins face-off versus Vladislav Namestnikov in neutral zone.
0:16 of 2nd period - Shot by Phillip Danault.
0:16 of 2nd period - Stopped by Cal Petersen without a rebound.
0:17 of 2nd period - Andrew Copp wins face-off versus Matthew Highmore in NASHVILLE Predators zone.
0:17 of 2nd period - Andrew Copp is hit by James Neal.
0:31 of 2nd period - Shot by Andrew Copp.
0:31 of 2nd period - Shot Misses the Net.
0:33 of 2nd period - Shot by Ryan Donato.
0:33 of 2nd period - Deflect By Andrew Copp.
0:33 of 2nd period - Stopped by Louis Domingue without a rebound.
0:34 of 2nd period - Vladislav Namestnikov wins face-off versus Dylan Larkin in ST. LOUIS Blues zone.
1:25 of 2nd period - Icing by Cam Fowler.
1:26 of 2nd period - Vladislav Namestnikov wins face-off versus Phillip Danault in NASHVILLE Predators zone.
1:57 of 2nd period - Shot by Matt Grzelcyk.
1:57 of 2nd period - Stopped by Louis Domingue without a rebound.
1:58 of 2nd period - Jake Leschyshyn wins face-off versus Calle Jarnkrok in ST. LOUIS Blues zone.
2:23 of 2nd period - Shot by Jake Leschyshyn.
2:23 of 2nd period - Shot Misses the Net.
3:13 of 2nd period - Shot by Matt Grzelcyk.
3:13 of 2nd period - Stopped by Louis Domingue with a rebound.
3:15 of 2nd period - Shot by Erik Gustafsson.
3:15 of 2nd period - Stopped by Louis Domingue with a rebound.
3:55 of 2nd period - Shot by Phillip Danault.
3:55 of 2nd period - Shot Misses the Net.
3:57 of 2nd period - Shot by Dominic Kubalik.
3:57 of 2nd period - Goal by Dominic Kubalik - ST. LOUIS Blues : 3 - NASHVILLE Predators : 1.
3:58 of 2nd period - Craig Smith wins face-off versus Vladislav Namestnikov in neutral zone.
4:31 of 2nd period - Shot by Craig Smith.
4:31 of 2nd period - Shot Misses the Net.
4:48 of 2nd period - Icing by Erik Brannstrom.
4:49 of 2nd period - Dylan Larkin wins face-off versus Henrik Borgstrom in NASHVILLE Predators zone.
4:49 of 2nd period - Olli Juolevi is hit by Chris Tanev and loses puck.
5:22 of 2nd period - Cam Fowler is hit by Dylan Larkin and loses puck.
6:37 of 2nd period - Shot by Andrew Copp.
6:37 of 2nd period - Deflect By Ryan Donato.
6:37 of 2nd period - Shot Misses the Net.
6:43 of 2nd period - Ryan Donato is hit by James Neal and loses puck.
6:49 of 2nd period - James Neal is hit by Matt Grzelcyk and loses puck.
6:52 of 2nd period - Shot by James Neal.
6:52 of 2nd period - Shot Misses the Net.
7:22 of 2nd period - Marcus Foligno is hit by Filip Forsberg and loses puck.
7:29 of 2nd period - Chris Tanev is hit by Marcus Foligno and loses puck.
7:50 of 2nd period - Chris Tanev is hit by Marcus Foligno and loses puck.
8:13 of 2nd period - Shot by Dylan Larkin.
8:13 of 2nd period - Stopped by Cal Petersen without a rebound.
8:14 of 2nd period - Phillip Danault wins face-off versus Calle Jarnkrok in NASHVILLE Predators zone.
8:29 of 2nd period - Shot by Phillip Danault.
8:29 of 2nd period - Deflect By David Perron.
8:29 of 2nd period - Shot Blocked by Cam Fowler.
10:00 of 2nd period - Andrew Copp is hit by Brayden McNabb and loses puck.
10:23 of 2nd period - Shot by Henrik Borgstrom.
10:23 of 2nd period - Shot Misses the Net.
10:53 of 2nd period - Shot by Craig Smith.
10:53 of 2nd period - Shot Misses the Net.
11:31 of 2nd period - Shot by Phillip Danault.
11:31 of 2nd period - Stopped by Cal Petersen with a rebound.
11:33 of 2nd period - Shot by Phillip Danault.
11:33 of 2nd period - Stopped by Cal Petersen without a rebound.
11:34 of 2nd period - Jake Leschyshyn wins face-off versus Vladislav Namestnikov in NASHVILLE Predators zone.
11:35 of 2nd period - Shot by Marcus Foligno.
11:35 of 2nd period - Stopped by Cal Petersen with a rebound.
11:37 of 2nd period - Shot by Marcus Foligno.
11:37 of 2nd period - Shot Misses the Net.
12:04 of 2nd period - Icing by Olli Juolevi.
12:05 of 2nd period - Andrew Copp wins face-off versus Jake Leschyshyn in ST. LOUIS Blues zone.
12:14 of 2nd period - Shot by Ryan Donato.
12:14 of 2nd period - Stopped by Louis Domingue without a rebound.
12:15 of 2nd period - Andrew Copp wins face-off versus Phillip Danault in ST. LOUIS Blues zone.
13:16 of 2nd period - Shot by Kevin Labanc.
13:16 of 2nd period - Stopped by Louis Domingue with a rebound.
13:18 of 2nd period - Shot by Bryan Rust.
13:18 of 2nd period - Stopped by Louis Domingue with a rebound.
13:23 of 2nd period - Kevin Labanc is hit by Brayden McNabb and loses puck.
13:46 of 2nd period - Shot by Calle Jarnkrok.
13:46 of 2nd period - Shot Misses the Net.
13:48 of 2nd period - Shot by Erik Gustafsson.
13:48 of 2nd period - Stopped by Louis Domingue without a rebound.
13:49 of 2nd period - Vladislav Namestnikov wins face-off versus Dylan Larkin in ST. LOUIS Blues zone.
13:49 of 2nd period - Leon Draisaitl is hit by Luke Schenn and loses puck.
14:32 of 2nd period - Shot by Filip Forsberg.
14:32 of 2nd period - Shot Misses the Net.
14:34 of 2nd period - Shot by Vladislav Namestnikov.
14:34 of 2nd period - Shot Misses the Net.
15:05 of 2nd period - Jaden Schwartz is hit by Brett Connolly and loses puck.
15:18 of 2nd period - Shot by Brett Connolly.
15:18 of 2nd period - Stopped by Louis Domingue without a rebound.
15:19 of 2nd period - Calle Jarnkrok wins face-off versus Phillip Danault in ST. LOUIS Blues zone.
15:24 of 2nd period - Shot by Bryan Rust.
15:24 of 2nd period - Deflect By Calle Jarnkrok.
15:24 of 2nd period - Stopped by Louis Domingue without a rebound.
15:25 of 2nd period - Phillip Danault wins face-off versus Calle Jarnkrok in ST. LOUIS Blues zone.
16:10 of 2nd period - Shot by Matt Grzelcyk.
16:10 of 2nd period - Shot Misses the Net.
16:47 of 2nd period - Shot by James Neal.
16:47 of 2nd period - Deflect By Matthew Highmore.
16:47 of 2nd period - Goal by Matthew Highmore - ST. LOUIS Blues : 4 - NASHVILLE Predators : 1.
16:48 of 2nd period - Andrew Copp wins face-off versus Jake Leschyshyn in neutral zone.
18:00 of 2nd period - Jonas Brodin is hit by Chris Tanev and loses puck.
18:08 of 2nd period - James Neal is hit by Erik Brannstrom and loses puck.
18:25 of 2nd period - Shot by Filip Forsberg.
18:25 of 2nd period - Shot Misses the Net.
18:27 of 2nd period - Shot by Cam Fowler.
18:27 of 2nd period - Stopped by Louis Domingue with a rebound.
18:29 of 2nd period - Shot by Cam Fowler.
18:29 of 2nd period - Shot Misses the Net.
18:31 of 2nd period - Shot by Josh Morrissey.
18:31 of 2nd period - Shot Blocked by Luke Schenn.
18:33 of 2nd period - Shot by Vladislav Namestnikov.
18:33 of 2nd period - Shot Blocked by Luke Schenn.
18:50 of 2nd period - Icing by Leon Draisaitl.
18:51 of 2nd period - Vladislav Namestnikov wins face-off versus Dylan Larkin in NASHVILLE Predators zone.
18:51 of 2nd period - Vladislav Namestnikov is hit by Jaden Schwartz.
19:53 of 2nd period - Shot by Erik Gustafsson.
19:53 of 2nd period - Shot Blocked by Jaden Schwartz.
19:55 of 2nd period - Shot by Matt Grzelcyk.
19:55 of 2nd period - Shot Blocked by Olli Juolevi.
19:57 of 2nd period - Shot by Bryan Rust.
19:57 of 2nd period - Stopped by Louis Domingue without a rebound.
19:58 of 2nd period - Henrik Borgstrom wins face-off versus Phillip Danault in ST. LOUIS Blues zone.
19:58 of 2nd period - Henrik Borgstrom is hit by Johnny Kovacevic.
Goals for this period are 2 for ST. LOUIS Blues vs 0 for NASHVILLE Predators .
Shots for this period are 7 for ST. LOUIS Blues vs 12 for NASHVILLE Predators .

3rd period


0:01 of 3rd period - Vladislav Namestnikov wins face-off versus Phillip Danault in neutral zone.
0:05 of 3rd period - Off-side.
0:06 of 3rd period - Vladislav Namestnikov wins face-off versus Phillip Danault in neutral zone.
0:09 of 3rd period - Dominic Kubalik is hit by Filip Forsberg and loses puck.
0:14 of 3rd period - Shot by Vladislav Namestnikov.
0:14 of 3rd period - Stopped by Louis Domingue without a rebound.
0:15 of 3rd period - Vladislav Namestnikov wins face-off versus Phillip Danault in ST. LOUIS Blues zone.
0:15 of 3rd period - Vladislav Namestnikov is hit by Brayden McNabb.
0:25 of 3rd period - Leon Draisaitl is hit by David Perron and loses puck.
0:32 of 3rd period - Shot by Dominic Kubalik.
0:32 of 3rd period - Stopped by Cal Petersen with a rebound.
0:38 of 3rd period - Shot by Phillip Danault.
0:38 of 3rd period - Stopped by Cal Petersen without a rebound.
0:39 of 3rd period - Dylan Larkin wins face-off versus Calle Jarnkrok in NASHVILLE Predators zone.
0:40 of 3rd period - Shot by Jesper Bratt.
0:40 of 3rd period - Shot Misses the Net.
1:02 of 3rd period - Shot by Jaden Schwartz.
1:02 of 3rd period - Shot Blocked by Matt Grzelcyk.
1:08 of 3rd period - Shot by Jesper Bratt.
1:08 of 3rd period - Shot Misses the Net.
1:10 of 3rd period - Shot by Jonas Brodin.
1:10 of 3rd period - Stopped by Cal Petersen without a rebound.
1:11 of 3rd period - Vladislav Namestnikov wins face-off versus Phillip Danault in NASHVILLE Predators zone.
1:11 of 3rd period - Leon Draisaitl is hit by Dominic Kubalik and loses puck.
1:19 of 3rd period - Cam Fowler is hit by Brayden McNabb and loses puck.
1:26 of 3rd period - Shot by Vladislav Namestnikov.
1:26 of 3rd period - Shot Misses the Net.
1:28 of 3rd period - Shot by Leon Draisaitl.
1:28 of 3rd period - Shot Misses the Net.
1:30 of 3rd period - Shot by Vladislav Namestnikov.
1:30 of 3rd period - Deflect By Filip Forsberg.
1:30 of 3rd period - Stopped by Louis Domingue without a rebound.
1:31 of 3rd period - Andrew Copp wins face-off versus Craig Smith in ST. LOUIS Blues zone.
1:35 of 3rd period - Icing by Jeremy Lauzon.
1:36 of 3rd period - Vladislav Namestnikov wins face-off versus Craig Smith in ST. LOUIS Blues zone.
1:53 of 3rd period - Shot by Matthew Highmore.
1:53 of 3rd period - Shot Blocked by Cam Fowler.
2:16 of 3rd period - Off-side.
2:17 of 3rd period - Phillip Danault wins face-off versus Bryan Rust in neutral zone.
2:20 of 3rd period - Calle Jarnkrok is hit by David Perron and loses puck.
2:34 of 3rd period - Icing by Olli Juolevi.
2:35 of 3rd period - Ryan Donato wins face-off versus Phillip Danault in ST. LOUIS Blues zone.
2:41 of 3rd period - Off-side.
2:42 of 3rd period - Dylan Larkin wins face-off versus Leon Draisaitl in neutral zone.
2:49 of 3rd period - Shot by Jaden Schwartz.
2:49 of 3rd period - Shot Blocked by Cam Fowler.
3:29 of 3rd period - Minor Penalty to Leon Draisaitl for Tripping.
3:30 of 3rd period - Vladislav Namestnikov wins face-off versus Phillip Danault in NASHVILLE Predators zone.
4:00 of 3rd period - Shot by Phillip Danault.
4:00 of 3rd period - Shot Misses the Net.
5:29 of 3rd period - Phillip Danault is hit by Erik Brannstrom and loses puck.
5:45 of 3rd period - Icing by Kevin Labanc.
5:46 of 3rd period - Jake Leschyshyn wins face-off versus Kevin Labanc in NASHVILLE Predators zone.
5:49 of 3rd period - Shot by Marcus Foligno.
5:49 of 3rd period - Stopped by Cal Petersen with a rebound.
5:51 of 3rd period - Shot by Matt Martin.
5:51 of 3rd period - Shot Misses the Net.
5:53 of 3rd period - Shot by Marcus Foligno.
5:53 of 3rd period - Stopped by Cal Petersen with a rebound.
5:55 of 3rd period - Shot by Jeremy Lauzon.
5:55 of 3rd period - Shot Misses the Net.
5:57 of 3rd period - Shot by Jeremy Lauzon.
5:57 of 3rd period - Shot Misses the Net.
5:59 of 3rd period - Shot by Jake Leschyshyn.
5:59 of 3rd period - Deflect By Marcus Foligno.
5:59 of 3rd period - Shot Misses the Net.
6:07 of 3rd period - Shot by Matt Martin.
6:07 of 3rd period - Shot Blocked by Leon Draisaitl.
6:22 of 3rd period - Icing by Bryan Rust.
6:23 of 3rd period - Dylan Larkin wins face-off versus Leon Draisaitl in NASHVILLE Predators zone.
6:51 of 3rd period - Icing by Luke Schenn.
6:52 of 3rd period - Dylan Larkin wins face-off versus Henrik Borgstrom in ST. LOUIS Blues zone.
6:52 of 3rd period - Jonas Brodin is hit by Alexander Nylander and loses puck.
7:02 of 3rd period - Minor Penalty to Josh Morrissey for Cross-checking.
7:02 of 3rd period - Minor Penalty to Dylan Larkin for Tripping.
7:03 of 3rd period - Phillip Danault wins face-off versus Vladislav Namestnikov in NASHVILLE Predators zone.
7:08 of 3rd period - Shot by Phillip Danault.
7:08 of 3rd period - Stopped by Cal Petersen without a rebound.
7:09 of 3rd period - Vladislav Namestnikov wins face-off versus Phillip Danault in NASHVILLE Predators zone.
7:30 of 3rd period - Shot by Vladislav Namestnikov.
7:30 of 3rd period - Stopped by Louis Domingue without a rebound.
7:31 of 3rd period - Jake Leschyshyn wins face-off versus Vladislav Namestnikov in ST. LOUIS Blues zone.
7:31 of 3rd period - Jake Leschyshyn is hit by Vladislav Namestnikov.
7:46 of 3rd period - Luke Schenn is hit by Vladislav Namestnikov and loses puck.
7:50 of 3rd period - Icing by Olli Juolevi.
7:51 of 3rd period - Jake Leschyshyn wins face-off versus Vladislav Namestnikov in ST. LOUIS Blues zone.
8:08 of 3rd period - Shot by Olli Juolevi.
8:08 of 3rd period - Shot Misses the Net.
8:10 of 3rd period - Shot by Luke Schenn.
8:10 of 3rd period - Stopped by Cal Petersen with a rebound.
8:12 of 3rd period - Shot by Olli Juolevi.
8:12 of 3rd period - Deflect By Jesper Bratt.
8:12 of 3rd period - Stopped by Cal Petersen with a rebound.
8:35 of 3rd period - Shot by David Perron.
8:35 of 3rd period - Shot Blocked by Cam Fowler.
8:39 of 3rd period - Shot by Phillip Danault.
8:39 of 3rd period - Shot Misses the Net.
8:45 of 3rd period - Shot by Jonas Brodin.
8:45 of 3rd period - Shot Misses the Net.
8:57 of 3rd period - Shot by Phillip Danault.
8:57 of 3rd period - Shot Misses the Net.
8:59 of 3rd period - Shot by Brayden McNabb.
8:59 of 3rd period - Shot Misses the Net.
9:05 of 3rd period - Shot by Craig Smith.
9:05 of 3rd period - Stopped by Cal Petersen without a rebound.
9:06 of 3rd period - Calle Jarnkrok wins face-off versus Craig Smith in NASHVILLE Predators zone.
9:11 of 3rd period - Craig Smith is hit by Kevin Labanc and loses puck.
10:07 of 3rd period - Craig Smith is hit by Filip Forsberg and loses puck.
10:34 of 3rd period - Shot by Phillip Danault.
10:34 of 3rd period - Shot Blocked by Josh Morrissey.
10:46 of 3rd period - Shot by Phillip Danault.
10:46 of 3rd period - Stopped by Cal Petersen with a rebound.
10:48 of 3rd period - Shot by David Perron.
10:48 of 3rd period - Shot Misses the Net.
11:07 of 3rd period - Icing by Cam Fowler.
11:08 of 3rd period - Colin White wins face-off versus Jesper Bratt in NASHVILLE Predators zone.
11:26 of 3rd period - Icing by Jonas Brodin.
11:27 of 3rd period - Henrik Borgstrom wins face-off versus Dylan Larkin in ST. LOUIS Blues zone.
11:46 of 3rd period - Shot by Jesper Bratt.
11:46 of 3rd period - Shot Blocked by Matt Grzelcyk.
12:09 of 3rd period - Icing by Erik Gustafsson.
12:10 of 3rd period - Henrik Borgstrom wins face-off versus Phillip Danault in NASHVILLE Predators zone.
12:20 of 3rd period - Shot by Henrik Borgstrom.
12:20 of 3rd period - Shot Blocked by Brayden McNabb.
13:18 of 3rd period - Off-side.
13:19 of 3rd period - Andrew Copp wins face-off versus Dylan Larkin in neutral zone.
14:35 of 3rd period - Shot by Leon Draisaitl.
14:35 of 3rd period - Shot Misses the Net.
16:20 of 3rd period - Andrew Copp is hit by Brayden McNabb and loses puck.
16:34 of 3rd period - Andrew Copp is hit by Brayden McNabb and loses puck.
17:26 of 3rd period - Minor Penalty to Luke Schenn for Delaying the game.
17:27 of 3rd period - Calle Jarnkrok wins face-off versus Craig Smith in ST. LOUIS Blues zone.
18:00 of 3rd period - Shot by Bryan Rust.
18:00 of 3rd period - Stopped by Louis Domingue without a rebound.
18:01 of 3rd period - Craig Smith wins face-off versus Vladislav Namestnikov in ST. LOUIS Blues zone.
18:32 of 3rd period - Shot by Erik Gustafsson.
18:32 of 3rd period - Stopped by Louis Domingue without a rebound.
18:33 of 3rd period - Phillip Danault wins face-off versus Calle Jarnkrok in ST. LOUIS Blues zone.
18:46 of 3rd period - Shot by Kevin Labanc.
18:46 of 3rd period - Deflect By Calle Jarnkrok.
18:46 of 3rd period - Stopped by Louis Domingue without a rebound.
18:47 of 3rd period - Phillip Danault wins face-off versus Vladislav Namestnikov in ST. LOUIS Blues zone.
Goals for this period are 0 for ST. LOUIS Blues vs 0 for NASHVILLE Predators .
Shots for this period are 10 for ST. LOUIS Blues vs 6 for NASHVILLE Predators .